Senators vs Islanders

Created - Friday, March 13, 2015 at 23:21

Goals
1 2 3 T
Senators 2 1 0 3
Islanders 2 2 2 6
Shots
1 2 3 T
Senators 11 12 6 29
Islanders 11 8 7 26

1st period

1. Islanders , Jamie Benn 53 (Erik Karlsson, Tyler Ennis) at 2:49 (PP)
2. Islanders , Travis Hamonic 10 (Cody McLeod, Kyle Quincey) at 6:37
3. Senators , Kyle Okposo 30 (Loui Eriksson, Henrik Sedin) at 11:18 (PP)
4. Senators , Henrik Sedin 13 (Kyle Okposo, Loui Eriksson) at 12:51 (PP)

Penalties :
Jamie Benn (NYI) for Hooking (Minor) at 0:12, Scott Hartnell (Ott) for Holding (Minor) at 2:09, Carl Hagelin (NYI) for Hooking (Minor) at 10:20, Dustin Brown (NYI) for Interference (Minor) at 11:26, Dustin Brown (NYI) for Interference (Minor) at 13:45

2nd period

5. Senators , Kyle Okposo 31 (Erik Gudbranson) at 6:24
6. Islanders , Kyle Quincey 9 (Erik Karlsson, Tyler Ennis) at 7:51 (PP)
7. Islanders , Alexander Khokhlachev 1 (Travis Hamonic, Craig Adams) at 18:01

Penalties :
Connor Murphy (Ott) for Hooking (Minor) at 7:00, Matt Martin (NYI) for Holding (Minor) at 11:25, Dustin Brown (NYI) for Hooking (Minor) at 18:34

3rd period

8. Islanders , Erik Karlsson 38 (David Krejci) at 3:10
9. Islanders , Tyler Ennis 17 (Erik Karlsson, Kyle Quincey) at 4:23 (PP)

Penalties :
Nate Prosser (Ott) for Interference (Minor) at 3:55, Travis Hamonic (NYI) for High sticking (Minor) at 4:32

Goalie Stats

Steve Mason (Ott), 18 saves from 23 shots - (0.783), L, 35-18-5, 43:10 minutes
James Reimer (Ott), 2 saves from 3 shots - (0.667), 16:50 minutes
Braden Holtby (NYI), 26 saves from 29 shots - (0.897), W, 26-28-3, 60:00 minutes

Players Stats for Senators

Player Name              G  A  P  +/- PIM S  H  SB GA TA FO     MP     PP MP  PK MP  
------------------------------------------------------------------------------------
Boone Jenner             0  0  0   0  0   2  4  1  0  0  1/1     6:55   0:00   0:00 
Connor Murphy            0  0  0   0  2   3  0  4  0  0  0/0    21:19   4:42   0:00 
David Clarkson           0  0  0   0  0   0  1  0  1  0  0/0     6:55   0:00   0:00 
Erik Gudbranson          0  1  1   0  0   1  1  2  1  3  0/0    21:03   4:35   0:00 
Henrik Sedin             1  1  2  -2  0   1  2  1  1  1  10/15  18:38   5:15   0:00 
Jonathan Toews           0  0  0   0  0   2  2  0  0  1  9/17   21:28   7:00   0:21 
Justin Schultz           0  0  0  -2  0   1  0  1  0  2  0/0    30:26   7:40   1:56 
Kyle Okposo              2  1  3  -2  0   5  4  0  2  0  0/0    18:38   5:15   0:00 
Loui Eriksson            0  2  2  -2  0   1  2  0  1  1  0/0    18:38   5:15   0:00 
Mark Scheifele           0  0  0   0  0   3  0  1  1  0  0/0    11:21   0:00   0:00 
Nate Prosser             0  0  0  -1  2   1  1  0  0  1  0/0    20:32   3:32   0:00 
Nazem Kadri              0  0  0   0  0   2  0  2  3  1  7/12   12:56   0:00   1:35 
Peter Harrold            0  0  0  -1  0   0  2  1  1  0  0/0    14:10   0:00   0:49 
Phil Kessel              0  0  0   0  0   2  0  0  5  0  2/2    21:28   7:00   0:21 
Reilly Smith             0  0  0   0  0   1  2  0  2  0  0/0    11:21   0:00   0:00 
Scott Gomez              0  0  0   0  0   1  0  0  1  1  1/1     7:12   0:00   0:17 
Scott Hartnell           0  0  0   0  2   3  2  1  2  1  0/2    22:22   6:59   1:18 
Zach Bogosian            0  0  0   0  0   0  1  3  0  0  0/0    12:22   4:01   1:07 

Players Stats for Islanders

Player Name              G  A  P  +/- PIM S  H  SB GA TA FO     MP     PP MP  PK MP  
------------------------------------------------------------------------------------
Alexander Khokhlachev    1  0  1   1  0   2  0  0  1  1  3/7     8:37   0:00   0:00 
Carl Hagelin             0  0  0   1  2   2  1  1  0  0  0/0    13:24   0:00   0:00 
Cody McLeod              0  1  1   0  0   0  3  0  1  0  0/1    15:40   0:00   1:00 
Colton Sceviour          0  0  0   1  0   2  1  0  3  0  0/1     8:37   0:00   0:00 
Craig Adams              0  1  1   1  0   1  2  1  1  0  1/4    22:22   1:18   9:52 
Dalton Prout             0  0  0  -1  0   0  1  1  1  0  0/0     7:19   0:00   0:00 
David Krejci             0  1  1   1  0   3  1  0  0  0  8/16   22:03   0:00   9:25 
Dustin Brown             0  0  0   1  6   1  0  0  1  1  0/2    19:59   1:56   0:00 
Erik Karlsson            1  3  4   1  0   3  2  1  1  0  0/0    24:40   1:56   3:47 
Jamie Benn               1  0  1   0  2   1  1  0  0  0  2/3     4:40   0:38   1:12 
Kyle Quincey             1  2  3   2  0   2  0  2  1  1  0/0    21:21   1:18   2:22 
Lauri Korpikoski         0  0  0   0  0   0  1  0  1  1  0/0    13:14   0:00   0:00 
Marcel Goc               0  0  0   0  0   1  0  0  4  0  2/4    13:48   0:00   3:01 
Matt Martin              0  0  0   0  2   1  2  0  0  0  0/0     9:01   0:00   0:00 
Olli Maatta              0  0  0   1  0   0  0  1  1  2  0/0    19:37   0:38   0:34 
Rob Scuderi              0  0  0  -1  0   1  0  2  0  2  0/0    23:59   0:00   9:53 
Travis Hamonic           1  1  2   2  2   4  0  1  0  1  0/0    23:48   0:00   7:54 
Tyler Ennis              1  2  3   0  0   2  0  1  4  0  4/12   15:12   1:56   0:00 

3 Stars

1 - Erik Karlsson (NYI)
2 - Kyle Quincey (NYI)
3 - Kyle Okposo (Ott)

Power Play

Senators - 2 on 7 Attempt(s) - 28.57%
Islanders - 3 on 3 Attempt(s) - 100.00%

Penalty Kill

Senators - 0 on 3 Attempt(s) - 0.00% - Score 0 goal in Penalty Kill
Islanders - 5 on 7 Attempt(s) - 71.43% - Score 0 goal in Penalty Kill

Team Stat

Senators - Hits : 24 - Faceoff Wins : 30 - Blocked Shots : 17 - Penalty Minutes : 6
Islanders - Hits : 15 - Faceoff Wins : 20 - Blocked Shots : 11 - Penalty Minutes : 14

Official

Referees : Unknown
Linesman : Unknown

Game Notes

Jamie Benn is injured at 11:41 of 1st period (Bruised Left Foot)
Zach Bogosian is injured at 7:30 of 2nd period (Sore Left Knee)
Dalton Prout is injured at 14:03 of 2nd period (Broken Bone (Right Leg))
James Reimer enters game at 3:10 of 3rd period

Finance

Level 1 -- Attendance: 4591 (76.52%) -- Ticket Income $459,100
Level 2 -- Attendance: 3325 (66.50%) -- Ticket Income $216,125
Level 3 -- Attendance: 1220 (61.00%) -- Ticket Income $54,900
Level 4 -- Attendance: 2440 (61.00%) -- Ticket Income $73,200
Luxury Box -- Attendance: 658 (65.80%) -- Ticket Income $131,600
Game was played at the Nassau Coliseum'
Total Attendance: 12234 (67.97%)
Total Ticket Income: $934,925
Other Income: $458,113
Total Income: $1,393,038

Senators

5 vs 5 Forward 
   Center                   Left Wing                Right Wing               Time % Phy DF OF 
 1 Jonathan Toews           Scott Hartnell           Phil Kessel              38     1   2  2  
 2 Henrik Sedin             Loui Eriksson            Kyle Okposo              32     1   2  2  
 3 Nazem Kadri              Reilly Smith             Mark Scheifele           20     1   2  2  
 4 Scott Gomez              Boone Jenner             David Clarkson           10     1   2  2  

5 vs 5 Defense 
   Defense                  Defense                                           Time % Phy DF OF 
 1 Zach Bogosian            Justin Schultz                                    35     1   2  2  
 2 Erik Gudbranson          Connor Murphy                                     30     1   2  2  
 3 Nate Prosser             Peter Harrold                                     22     1   2  2  
 4 Zach Bogosian            Justin Schultz                                    13     1   2  2  

PowerPlay Forward 
   Center                   Left Wing                Right Wing               Time % Phy DF OF 
 1 Jonathan Toews           Scott Hartnell           Phil Kessel              60     1   2  2  
 2 Henrik Sedin             Loui Eriksson            Kyle Okposo              40     1   2  2  

PowerPlay Defense
   Defense                  Defense                                           Time % Phy DF OF 
 1 Zach Bogosian            Justin Schultz                                    60     1   2  2  
 2 Erik Gudbranson          Connor Murphy                                     40     1   2  2  

Penalty Kill 4 Players Forward 
   Center                   Wing                     Time % Phy DF OF 
 1 Nazem Kadri              Scott Hartnell           60     1   2  2  
 2 Mark Scheifele           Boone Jenner             40     1   2  2  

Penalty Kill 4 Players Defense
   Defense                  Defense                  Time % Phy DF OF 
 1 Zach Bogosian            Justin Schultz           60     1   2  2  
 2 Erik Gudbranson          Connor Murphy            40     1   2  2  

Penalty Kill - 3 Players Forward 
   Forward                                           Time % Phy DF OF 
 1 Jonathan Toews                                    60     1   2  2  
 2 Boone Jenner                                      40     1   2  2  

Penalty Kill - 3 Players Defense
   Defense                  Defense                  Time % Phy DF OF 
 1 Zach Bogosian            Justin Schultz           60     1   2  2  
 2 Erik Gudbranson          Connor Murphy            40     1   2  2  

4 vs 4 Forward 
   Center                   Wing                     Time % Phy DF OF 
 1 Jonathan Toews           Phil Kessel              60     1   2  2  
 2 Henrik Sedin             Kyle Okposo              40     1   2  2  

4 vs 4 Defense
   Defense                  Defense                  Time % Phy DF OF 
 1 Zach Bogosian            Justin Schultz           60     1   2  2  
 2 Erik Gudbranson          Connor Murphy            40     1   2  2  

Last Minutes Offensive
   Center                   Left Wing                Right Wing               Defense                  Defense                  
   Jonathan Toews           Scott Hartnell           Phil Kessel              Zach Bogosian            Justin Schultz           

Last Minutes Defensive
   Center                   Left Wing                Right Wing               Defense                  Defense                  
   Jonathan Toews           Scott Hartnell           Phil Kessel              Zach Bogosian            Justin Schultz           

Goaltenders
Starting : Steve Mason              
Backup : James Reimer             

Extra Forwards
Normal : Nazem Kadri, Reilly Smith, Scott Gomez - PP : Nazem Kadri, Reilly Smith - PK : Scott Gomez
Extra Defensemen
Normal : Nate Prosser, Peter Harrold, Erik Gudbranson - PP : Nate Prosser - PK : Peter Harrold, Erik Gudbranson
Penalty Shots
Jonathan Toews, Phil Kessel, Henrik Sedin, Kyle Okposo, Scott Hartnell

Islanders

5 vs 5 Forward 
   Center                   Left Wing                Right Wing               Time % Phy DF OF 
 1 David Krejci             Jamie Benn               Carl Hagelin             34     1   1  3  
 2 Tyler Ennis              Dustin Brown             Lauri Korpikoski         31     1   1  3  
 3 Marcel Goc               Matt Martin              Cody McLeod              20     1   2  2  
 4 Alexander Khokhlachev    Craig Adams              Colton Sceviour          15     1   2  2  

5 vs 5 Defense 
   Defense                  Defense                                           Time % Phy DF OF 
 1 Erik Karlsson            Olli Maatta                                       37     1   3  1  
 2 Travis Hamonic           Kyle Quincey                                      32     1   3  1  
 3 Dalton Prout             Rob Scuderi                                       28     1   3  1  
 4 Olli Maatta              Erik Karlsson                                     3      1   3  1  

PowerPlay Forward 
   Center                   Left Wing                Right Wing               Time % Phy DF OF 
 1 Jamie Benn               Dustin Brown             Tyler Ennis              60     1   2  2  
 2 David Krejci             Carl Hagelin             Marcel Goc               40     1   2  2  

PowerPlay Defense
   Defense                  Defense                                           Time % Phy DF OF 
 1 Erik Karlsson            Kyle Quincey                                      60     1   2  2  
 2 Travis Hamonic           Olli Maatta                                       40     1   2  2  

Penalty Kill 4 Players Forward 
   Center                   Wing                     Time % Phy DF OF 
 1 Jamie Benn               Craig Adams              60     1   2  2  
 2 Marcel Goc               David Krejci             40     1   2  2  

Penalty Kill 4 Players Defense
   Defense                  Defense                  Time % Phy DF OF 
 1 Travis Hamonic           Rob Scuderi              60     1   2  2  
 2 Kyle Quincey             Erik Karlsson            40     1   2  2  

Penalty Kill - 3 Players Forward 
   Forward                                           Time % Phy DF OF 
 1 Dustin Brown                                      60     1   2  2  
 2 Marcel Goc                                        40     1   2  2  

Penalty Kill - 3 Players Defense
   Defense                  Defense                  Time % Phy DF OF 
 1 Travis Hamonic           Rob Scuderi              60     1   2  2  
 2 Kyle Quincey             Erik Karlsson            40     1   2  2  

4 vs 4 Forward 
   Center                   Wing                     Time % Phy DF OF 
 1 Jamie Benn               Tyler Ennis              60     1   2  2  
 2 David Krejci             Dustin Brown             40     1   2  2  

4 vs 4 Defense
   Defense                  Defense                  Time % Phy DF OF 
 1 Erik Karlsson            Olli Maatta              60     1   2  2  
 2 Travis Hamonic           Kyle Quincey             40     1   2  2  

Last Minutes Offensive
   Center                   Left Wing                Right Wing               Defense                  Defense                  
   David Krejci             Dustin Brown             Jamie Benn               Erik Karlsson            Olli Maatta              

Last Minutes Defensive
   Center                   Left Wing                Right Wing               Defense                  Defense                  
   Marcel Goc               Lauri Korpikoski         Craig Adams              Travis Hamonic           Olli Maatta              

Goaltenders
Starting : Braden Holtby            
Backup : Andrew Hammond           

Extra Forwards
Normal : Jamie Benn, Dustin Brown, David Krejci - PP : Jamie Benn, Dustin Brown - PK : Jamie Benn
Extra Defensemen
Normal : Kyle Quincey, Travis Hamonic, Erik Karlsson - PP : Erik Karlsson - PK : Erik Karlsson, Travis Hamonic
Penalty Shots
Jamie Benn, Dustin Brown, Tyler Ennis, Kyle Quincey, David Krejci

% Time on Ice - Senators

Lines # - Real PCT - Wanted PCT - Time Play
Normal Forward
1 - 31% - 38% - 14:05
2 - 29% - 32% - 13:23
3 - 25% - 20% - 11:22
4 - 15% - 10% - 6:55
Normal Defense
1 - 36% - 35% - 16:34
2 - 32% - 30% - 14:35
3 - 23% - 22% - 10:22
4 - 9% - 13% - 4:14
PP Forward
1 - 57% - 60% - 7:01
2 - 43% - 40% - 5:15
PP Defense
1 - 63% - 60% - 7:41
2 - 37% - 40% - 4:35
PK Forward
1 - 100% - 60% - 1:57
2 - 0% - 40% - 0:00
PK Defense
1 - 100% - 60% - 1:57
2 - 0% - 40% - 0:00
PK3 Forward
1 - 0% - 60%
2 - 0% - 40%
PK3 Defense
1 - 0% - 60%
2 - 0% - 40%
44 Forward
1 - 100% - 60% - 0:02
2 - 0% - 40% - 0:00
44 Defense
1 - 100% - 60% - 0:02
2 - 0% - 40% - 0:00
Last Minute Offensive  - 0:00
Last Minute Defensive  - 0:00
Total
Forward - 60:00
Defense - 60:00

% Time on Ice - Islanders

Lines # - Real PCT - Wanted PCT - Time Play
Normal Forward
1 - 34% - 34% - 15:30
2 - 29% - 31% - 13:14
3 - 18% - 20% - 8:24
4 - 19% - 15% - 8:37
Normal Defense
1 - 33% - 37% - 15:17
2 - 28% - 32% - 12:42
3 - 39% - 28% - 17:46
4 - 0% - 3% - 0:00
PP Forward
1 - 100% - 60% - 1:57
2 - 0% - 40% - 0:00
PP Defense
1 - 100% - 60% - 1:57
2 - 0% - 40% - 0:00
PK Forward
1 - 89% - 60% - 10:53
2 - 11% - 40% - 1:23
PK Defense
1 - 81% - 60% - 9:53
2 - 19% - 40% - 2:23
PK3 Forward
1 - 0% - 60%
2 - 0% - 40%
PK3 Defense
1 - 0% - 60%
2 - 0% - 40%
44 Forward
1 - 100% - 60% - 0:02
2 - 0% - 40% - 0:00
44 Defense
1 - 100% - 60% - 0:02
2 - 0% - 40% - 0:00
Last Minute Offensive  - 0:00
Last Minute Defensive  - 0:00
Total
Forward - 60:00
Defense - 60:00

Play by Play

1st period


0:01 of 1st period - David Krejci wins face-off versus Jonathan Toews in neutral zone.
0:04 of 1st period - Justin Schultz is hit by Jamie Benn and loses puck.
0:12 of 1st period - Minor Penalty to Jamie Benn for Hooking.
0:13 of 1st period - David Krejci wins face-off versus Scott Hartnell in Islanders zone.
1:18 of 1st period - Rob Scuderi is hit by Loui Eriksson and loses puck.
2:09 of 1st period - Minor Penalty to Scott Hartnell for Holding.
2:10 of 1st period - Jonathan Toews wins face-off versus Dustin Brown in Senators zone.
2:12 of 1st period - Penalty to Jamie Benn is over, Jamie Benn is back on ice.
2:45 of 1st period - Snap shot by Tyler Ennis.
2:45 of 1st period - Shot Misses the Net.
2:47 of 1st period - Slapshot by Erik Karlsson.
2:47 of 1st period - Stopped by Steve Mason with a rebound.
2:49 of 1st period - Slapshot by Jamie Benn.
2:49 of 1st period - Goal by Jamie Benn - Senators : 0 - Islanders : 1.
2:50 of 1st period - Alexander Khokhlachev wins face-off versus Henrik Sedin in neutral zone.
3:03 of 1st period - Slapshot by Travis Hamonic.
3:03 of 1st period - Shot Misses the Net.
3:17 of 1st period - Slapshot by Colton Sceviour.
3:17 of 1st period - Stopped by Steve Mason with a rebound.
3:19 of 1st period - Slapshot by Kyle Quincey.
3:19 of 1st period - Shot Blocked by Erik Gudbranson.
3:49 of 1st period - Slapshot by Zach Bogosian.
3:49 of 1st period - Shot Blocked by Tyler Ennis.
3:51 of 1st period - Slapshot by Reilly Smith.
3:51 of 1st period - Stopped by Braden Holtby without a rebound.
3:52 of 1st period - Tyler Ennis wins face-off versus Nazem Kadri in Islanders zone.
4:55 of 1st period - Snap shot by Jamie Benn.
4:55 of 1st period - Shot Blocked by Zach Bogosian.
5:05 of 1st period - Carl Hagelin is hit by Jonathan Toews and loses puck.
5:48 of 1st period - Wrist shot by Scott Gomez.
5:48 of 1st period - Shot Misses the Net.
6:08 of 1st period - Kyle Quincey is hit by Kyle Okposo and loses puck.
6:29 of 1st period - Slapshot by Matt Martin.
6:29 of 1st period - Stopped by Steve Mason with a rebound.
6:31 of 1st period - Slapshot by Travis Hamonic.
6:31 of 1st period - Shot Blocked by Erik Gudbranson.
6:33 of 1st period - Slapshot by Kyle Quincey.
6:33 of 1st period - Shot Misses the Net.
6:35 of 1st period - Wrist shot by Cody McLeod.
6:35 of 1st period - Shot Misses the Net.
6:37 of 1st period - Slapshot by Travis Hamonic.
6:37 of 1st period - Goal by Travis Hamonic - Senators : 0 - Islanders : 2.
6:38 of 1st period - Jonathan Toews wins face-off versus Tyler Ennis in neutral zone.
6:51 of 1st period - Snap shot by Jonathan Toews.
6:51 of 1st period - Stopped by Braden Holtby with a rebound.
7:26 of 1st period - Slapshot by Erik Karlsson.
7:26 of 1st period - Shot Blocked by Connor Murphy.
7:28 of 1st period - Snap shot by Alexander Khokhlachev.
7:28 of 1st period - Stopped by Steve Mason without a rebound.
7:29 of 1st period - Alexander Khokhlachev wins face-off versus Henrik Sedin in Senators zone.
7:36 of 1st period - Slapshot by Travis Hamonic.
7:36 of 1st period - Deflect By Kyle Okposo.
7:36 of 1st period - Stopped by Steve Mason with a rebound.
7:38 of 1st period - Snap shot by Craig Adams.
7:38 of 1st period - Shot Misses the Net.
8:04 of 1st period - Wrist shot by Colton Sceviour.
8:04 of 1st period - Shot Blocked by Zach Bogosian.
8:06 of 1st period - Wrist shot by Craig Adams.
8:06 of 1st period - Stopped by Steve Mason with a rebound.
8:36 of 1st period - Slapshot by Marcel Goc.
8:36 of 1st period - Stopped by Steve Mason with a rebound.
8:38 of 1st period - Wrist shot by Rob Scuderi.
8:38 of 1st period - Stopped by Steve Mason with a rebound.
8:40 of 1st period - Slapshot by Rob Scuderi.
8:40 of 1st period - Shot Misses the Net.
9:13 of 1st period - Icing by Nate Prosser.
9:14 of 1st period - Nazem Kadri wins face-off versus David Krejci in Senators zone.
9:14 of 1st period - Nazem Kadri is hit by Erik Karlsson.
9:26 of 1st period - Slapshot by Nazem Kadri.
9:26 of 1st period - Stopped by Braden Holtby with a rebound.
9:28 of 1st period - Wrist shot by Connor Murphy.
9:28 of 1st period - Stopped by Braden Holtby with a rebound.
10:20 of 1st period - Minor Penalty to Carl Hagelin for Hooking.
10:21 of 1st period - Jonathan Toews wins face-off versus Jamie Benn in Islanders zone.
10:24 of 1st period - Slapshot by Phil Kessel.
10:24 of 1st period - Stopped by Braden Holtby without a rebound.
10:25 of 1st period - Jamie Benn wins face-off versus Jonathan Toews in Islanders zone.
11:18 of 1st period - Snap shot by Kyle Okposo.
11:18 of 1st period - Goal by Kyle Okposo - Senators : 1 - Islanders : 2.
11:19 of 1st period - Tyler Ennis wins face-off versus Nazem Kadri in neutral zone.
11:26 of 1st period - Minor Penalty to Dustin Brown for Interference.
11:27 of 1st period - Jamie Benn wins face-off versus Jonathan Toews in Islanders zone.
11:40 of 1st period - Jamie Benn is hit by Zach Bogosian.
11:41 of 1st period - Jamie Benn from Islanders is injured at 11:41 of 1st period (Bruised Left Foot).
11:42 of 1st period - Phil Kessel wins face-off versus David Krejci in Islanders zone.
12:47 of 1st period - Wrist shot by Henrik Sedin.
12:47 of 1st period - Shot Blocked by Rob Scuderi.
12:49 of 1st period - Slapshot by Kyle Okposo.
12:49 of 1st period - Stopped by Braden Holtby with a rebound.
12:51 of 1st period - Slapshot by Henrik Sedin.
12:51 of 1st period - Goal by Henrik Sedin - Senators : 2 - Islanders : 2.
12:52 of 1st period - Tyler Ennis wins face-off versus Nazem Kadri in neutral zone.
13:03 of 1st period - Slapshot by Mark Scheifele.
13:03 of 1st period - Shot Misses the Net.
13:05 of 1st period - Wrist shot by Mark Scheifele.
13:05 of 1st period - Stopped by Braden Holtby without a rebound.
13:06 of 1st period - Nazem Kadri wins face-off versus Tyler Ennis in Islanders zone.
13:45 of 1st period - Minor Penalty to Dustin Brown for Interference.
13:46 of 1st period - David Krejci wins face-off versus Jonathan Toews in Islanders zone.
14:50 of 1st period - Snap shot by Kyle Okposo.
14:50 of 1st period - Shot Blocked by Travis Hamonic.
15:45 of 1st period - Penalty to Dustin Brown is over, Dustin Brown is back on ice.
16:21 of 1st period - Slapshot by Boone Jenner.
16:21 of 1st period - Stopped by Braden Holtby with a rebound.
17:09 of 1st period - Olli Maatta is hit by Reilly Smith and loses puck.
17:14 of 1st period - Wrist shot by Nazem Kadri.
17:14 of 1st period - Shot Blocked by Erik Karlsson.
17:40 of 1st period - Snap shot by Scott Hartnell.
17:40 of 1st period - Shot Misses the Net.
17:42 of 1st period - Slapshot by Connor Murphy.
17:42 of 1st period - Stopped by Braden Holtby with a rebound.
17:52 of 1st period - Connor Murphy is hit by David Krejci and loses puck.
18:05 of 1st period - Craig Adams is hit by Henrik Sedin and loses puck.
18:42 of 1st period - Slapshot by Carl Hagelin.
18:42 of 1st period - Stopped by Steve Mason with a rebound.
19:19 of 1st period - Icing by Rob Scuderi.
19:20 of 1st period - Henrik Sedin wins face-off versus Tyler Ennis in Islanders zone.
19:56 of 1st period - Scott Gomez is hit by Craig Adams and loses puck.
Goals for this period are 2 for Senators vs 2 for Islanders.
Shots for this period are 11 for Senators vs 11 for Islanders.

2nd period


0:01 of 2nd period - Marcel Goc wins face-off versus Jonathan Toews in neutral zone.
1:10 of 2nd period - Icing by Travis Hamonic.
1:11 of 2nd period - Henrik Sedin wins face-off versus David Krejci in Islanders zone.
1:18 of 2nd period - Wrist shot by Kyle Okposo.
1:18 of 2nd period - Shot Misses the Net.
1:20 of 2nd period - Slapshot by Erik Gudbranson.
1:20 of 2nd period - Shot Blocked by Kyle Quincey.
1:27 of 2nd period - Off-side.
1:28 of 2nd period - Nazem Kadri wins face-off versus Alexander Khokhlachev in neutral zone.
2:02 of 2nd period - Wrist shot by Erik Karlsson.
2:02 of 2nd period - Shot Misses the Net.
2:04 of 2nd period - Slapshot by Olli Maatta.
2:04 of 2nd period - Shot Blocked by Nazem Kadri.
2:06 of 2nd period - Wrist shot by Erik Karlsson.
2:06 of 2nd period - Deflect By Alexander Khokhlachev.
2:06 of 2nd period - Shot Misses the Net.
2:06 of 2nd period - Puck is out of play.
2:07 of 2nd period - Marcel Goc wins face-off versus Henrik Sedin in Senators zone.
2:22 of 2nd period - Matt Martin is hit by Kyle Okposo and loses puck.
3:24 of 2nd period - Slapshot by Erik Karlsson.
3:24 of 2nd period - Shot Blocked by Zach Bogosian.
4:13 of 2nd period - Alexander Khokhlachev is hit by Scott Hartnell and loses puck.
5:43 of 2nd period - Marcel Goc is hit by Boone Jenner and loses puck.
5:52 of 2nd period - Wrist shot by Boone Jenner.
5:52 of 2nd period - Stopped by Braden Holtby with a rebound.
6:24 of 2nd period - Wrist shot by Kyle Okposo.
6:24 of 2nd period - Goal by Kyle Okposo - Senators : 3 - Islanders : 2.
6:25 of 2nd period - Henrik Sedin wins face-off versus Alexander Khokhlachev in neutral zone.
7:00 of 2nd period - Minor Penalty to Connor Murphy for Hooking.
7:01 of 2nd period - Nazem Kadri wins face-off versus Craig Adams in Senators zone.
7:29 of 2nd period - Zach Bogosian is hit by Craig Adams.
7:30 of 2nd period - Zach Bogosian from Senators is injured at 7:30 of 2nd period (Sore Left Knee).
7:31 of 2nd period - Nazem Kadri wins face-off versus Craig Adams in Senators zone.
7:38 of 2nd period - Tyler Ennis is hit by Peter Harrold and loses puck.
7:47 of 2nd period - Snap shot by Tyler Ennis.
7:47 of 2nd period - Stopped by Steve Mason with a rebound.
7:49 of 2nd period - Slapshot by Erik Karlsson.
7:49 of 2nd period - Shot Misses the Net.
7:51 of 2nd period - Snap shot by Kyle Quincey.
7:51 of 2nd period - Goal by Kyle Quincey - Senators : 3 - Islanders : 3.
7:52 of 2nd period - Phil Kessel wins face-off versus Tyler Ennis in neutral zone.
7:55 of 2nd period - Wrist shot by Scott Hartnell.
7:55 of 2nd period - Stopped by Braden Holtby with a rebound.
8:07 of 2nd period - Snap shot by Phil Kessel.
8:07 of 2nd period - Stopped by Braden Holtby with a rebound.
8:09 of 2nd period - Wrist shot by Nate Prosser.
8:09 of 2nd period - Shot Misses the Net.
8:11 of 2nd period - Slapshot by Nate Prosser.
8:11 of 2nd period - Stopped by Braden Holtby with a rebound.
8:13 of 2nd period - Snap shot by Scott Hartnell.
8:13 of 2nd period - Stopped by Braden Holtby with a rebound.
8:15 of 2nd period - Slapshot by Justin Schultz.
8:15 of 2nd period - Shot Misses the Net.
8:41 of 2nd period - Slapshot by Erik Karlsson.
8:41 of 2nd period - Deflect By David Krejci.
8:41 of 2nd period - Stopped by Steve Mason with a rebound.
8:43 of 2nd period - Snap shot by Erik Karlsson.
8:43 of 2nd period - Shot Hit the Post.
9:41 of 2nd period - Wrist shot by Craig Adams.
9:41 of 2nd period - Shot Misses the Net.
9:51 of 2nd period - Wrist shot by Travis Hamonic.
9:51 of 2nd period - Stopped by Steve Mason without a rebound.
9:52 of 2nd period - Nazem Kadri wins face-off versus Dustin Brown in Senators zone.
10:23 of 2nd period - Slapshot by Mark Scheifele.
10:23 of 2nd period - Shot Misses the Net.
10:25 of 2nd period - Slapshot by Mark Scheifele.
10:25 of 2nd period - Stopped by Braden Holtby with a rebound.
10:27 of 2nd period - Snap shot by Mark Scheifele.
10:27 of 2nd period - Stopped by Braden Holtby with a rebound.
10:29 of 2nd period - Slapshot by Erik Gudbranson.
10:29 of 2nd period - Stopped by Braden Holtby with a rebound.
10:47 of 2nd period - Wrist shot by Scott Hartnell.
10:47 of 2nd period - Deflect By Dustin Brown.
10:47 of 2nd period - Stopped by Braden Holtby with a rebound.
10:49 of 2nd period - Slapshot by Peter Harrold.
10:49 of 2nd period - Deflect By Scott Hartnell.
10:49 of 2nd period - Deflect By Travis Hamonic.
10:49 of 2nd period - Shot Blocked by Kyle Quincey.
10:49 of 2nd period - Puck is out of play.
10:50 of 2nd period - Jonathan Toews wins face-off versus Marcel Goc in Islanders zone.
11:25 of 2nd period - Minor Penalty to Matt Martin for Holding.
11:26 of 2nd period - Henrik Sedin wins face-off versus David Krejci in Islanders zone.
11:37 of 2nd period - Wrist shot by Henrik Sedin.
11:37 of 2nd period - Shot Misses the Net.
12:00 of 2nd period - Off-side.
12:01 of 2nd period - David Krejci wins face-off versus Jonathan Toews in neutral zone.
12:32 of 2nd period - David Krejci is hit by Jonathan Toews and loses puck.
13:11 of 2nd period - Erik Karlsson is hit by Erik Gudbranson and loses puck.
13:25 of 2nd period - Penalty to Matt Martin is over, Matt Martin is back on ice.
13:26 of 2nd period - Justin Schultz is hit by Matt Martin and loses puck.
13:43 of 2nd period - Justin Schultz is hit by Dalton Prout and loses puck.
13:50 of 2nd period - Dalton Prout is hit by Reilly Smith and loses puck.
14:03 of 2nd period - Wrist shot by Nazem Kadri.
14:03 of 2nd period - Shot Blocked by Dalton Prout.
14:03 of 2nd period - Dalton Prout from Islanders is injured at 14:03 of 2nd period (Broken Bone (Right Leg)).
14:04 of 2nd period - Jonathan Toews wins face-off versus Tyler Ennis in Islanders zone.
14:59 of 2nd period - Kyle Okposo is hit by Erik Karlsson and loses puck.
15:22 of 2nd period - Justin Schultz is hit by Cody McLeod and loses puck.
16:00 of 2nd period - Wrist shot by Colton Sceviour.
16:00 of 2nd period - Shot Blocked by Connor Murphy.
16:02 of 2nd period - Slapshot by Travis Hamonic.
16:02 of 2nd period - Deflect By Nazem Kadri.
16:02 of 2nd period - Stopped by Steve Mason without a rebound.
16:03 of 2nd period - Boone Jenner wins face-off versus Tyler Ennis in Senators zone.
16:18 of 2nd period - Wrist shot by Dustin Brown.
16:18 of 2nd period - Stopped by Steve Mason with a rebound.
16:45 of 2nd period - Erik Karlsson is hit by David Clarkson and loses puck.
16:52 of 2nd period - Connor Murphy is hit by Cody McLeod and loses puck.
16:57 of 2nd period - Slapshot by Erik Karlsson.
16:57 of 2nd period - Stopped by Steve Mason with a rebound.
16:59 of 2nd period - Snap shot by Olli Maatta.
16:59 of 2nd period - Shot Blocked by Connor Murphy.
17:27 of 2nd period - Snap shot by Scott Hartnell.
17:27 of 2nd period - Shot Misses the Net.
17:29 of 2nd period - Slapshot by Justin Schultz.
17:29 of 2nd period - Shot Blocked by Craig Adams.
17:31 of 2nd period - Slapshot by Peter Harrold.
17:31 of 2nd period - Deflect By Jonathan Toews.
17:31 of 2nd period - Stopped by Braden Holtby without a rebound.
17:32 of 2nd period - Henrik Sedin wins face-off versus Alexander Khokhlachev in Islanders zone.
17:35 of 2nd period - Snap shot by Kyle Okposo.
17:35 of 2nd period - Stopped by Braden Holtby with a rebound.
17:59 of 2nd period - Wrist shot by Craig Adams.
17:59 of 2nd period - Shot Misses the Net.
18:01 of 2nd period - Slapshot by Travis Hamonic.
18:01 of 2nd period - Deflect By Alexander Khokhlachev.
18:01 of 2nd period - Goal by Alexander Khokhlachev - Senators : 3 - Islanders : 4.
18:02 of 2nd period - Tyler Ennis wins face-off versus Scott Hartnell in neutral zone.
18:34 of 2nd period - Minor Penalty to Dustin Brown for Hooking.
18:35 of 2nd period - Henrik Sedin wins face-off versus David Krejci in Islanders zone.
18:52 of 2nd period - Slapshot by Kyle Okposo.
18:52 of 2nd period - Deflect By Travis Hamonic.
18:52 of 2nd period - Shot Blocked by Rob Scuderi.
18:52 of 2nd period - Puck is out of play.
18:53 of 2nd period - David Krejci wins face-off versus Henrik Sedin in Islanders zone.
19:15 of 2nd period - Slapshot by Travis Hamonic.
19:15 of 2nd period - Shot Misses the Net.
19:30 of 2nd period - Travis Hamonic is hit by Nate Prosser and loses puck.
Goals for this period are 1 for Senators vs 2 for Islanders.
Shots for this period are 12 for Senators vs 8 for Islanders.

3rd period


0:01 of 3rd period - Jonathan Toews wins face-off versus Craig Adams in neutral zone.
0:34 of 3rd period - Penalty to Dustin Brown is over, Dustin Brown is back on ice.
0:36 of 3rd period - Slapshot by Justin Schultz.
0:36 of 3rd period - Stopped by Braden Holtby with a rebound.
0:48 of 3rd period - Wrist shot by David Krejci.
0:48 of 3rd period - Stopped by Steve Mason without a rebound.
0:49 of 3rd period - Henrik Sedin wins face-off versus Cody McLeod in Senators zone.
0:54 of 3rd period - Wrist shot by Loui Eriksson.
0:54 of 3rd period - Stopped by Braden Holtby with a rebound.
0:56 of 3rd period - Slapshot by Connor Murphy.
0:56 of 3rd period - Stopped by Braden Holtby with a rebound.
1:42 of 3rd period - Erik Gudbranson is hit by Lauri Korpikoski and loses puck.
1:48 of 3rd period - Off-side.
1:49 of 3rd period - Nazem Kadri wins face-off versus Tyler Ennis in neutral zone.
2:40 of 3rd period - Wrist shot by Carl Hagelin.
2:40 of 3rd period - Stopped by Steve Mason without a rebound.
2:41 of 3rd period - Jonathan Toews wins face-off versus Alexander Khokhlachev in Senators zone.
3:08 of 3rd period - Wrist shot by Colton Sceviour.
3:08 of 3rd period - Deflect By Phil Kessel.
3:08 of 3rd period - Stopped by Steve Mason without a rebound.
3:09 of 3rd period - David Krejci wins face-off versus Henrik Sedin in Senators zone.
3:10 of 3rd period - Wrist shot by Erik Karlsson.
3:10 of 3rd period - Goal by Erik Karlsson - Senators : 3 - Islanders : 5.
3:10 of 3rd period - James Reimer enters game.
3:11 of 3rd period - Jonathan Toews wins face-off versus David Krejci in neutral zone.
3:37 of 3rd period - Snap shot by Jonathan Toews.
3:37 of 3rd period - Shot Blocked by Olli Maatta.
3:55 of 3rd period - Minor Penalty to Nate Prosser for Interference.
3:56 of 3rd period - Craig Adams wins face-off versus Nazem Kadri in Senators zone.
4:15 of 3rd period - Slapshot by Erik Karlsson.
4:15 of 3rd period - Shot Blocked by Nazem Kadri.
4:17 of 3rd period - Snap shot by Kyle Quincey.
4:17 of 3rd period - Shot Misses the Net.
4:19 of 3rd period - Slapshot by Erik Karlsson.
4:19 of 3rd period - Shot Hit the Post.
4:21 of 3rd period - Slapshot by Kyle Quincey.
4:21 of 3rd period - Stopped by James Reimer with a rebound.
4:23 of 3rd period - Slapshot by Erik Karlsson.
4:23 of 3rd period - Deflect By Tyler Ennis.
4:23 of 3rd period - Goal by Tyler Ennis - Senators : 3 - Islanders : 6.
4:24 of 3rd period - Henrik Sedin wins face-off versus David Krejci in neutral zone.
4:32 of 3rd period - Minor Penalty to Travis Hamonic for High sticking.
4:33 of 3rd period - David Krejci wins face-off versus Jonathan Toews in Islanders zone.
6:32 of 3rd period - Penalty to Travis Hamonic is over, Travis Hamonic is back on ice.
7:11 of 3rd period - Wrist shot by Peter Harrold.
7:11 of 3rd period - Shot Misses the Net.
7:41 of 3rd period - Snap shot by Tyler Ennis.
7:41 of 3rd period - Shot Misses the Net.
7:47 of 3rd period - Kyle Quincey is hit by Boone Jenner and loses puck.
7:54 of 3rd period - Slapshot by Scott Gomez.
7:54 of 3rd period - Stopped by Braden Holtby with a rebound.
8:23 of 3rd period - Slapshot by Erik Karlsson.
8:23 of 3rd period - Shot Blocked by Scott Hartnell.
9:25 of 3rd period - Olli Maatta is hit by Kyle Okposo and loses puck.
9:38 of 3rd period - Tyler Ennis is hit by Kyle Okposo and loses puck.
10:23 of 3rd period - Justin Schultz is hit by Cody McLeod and loses puck.
10:48 of 3rd period - Slapshot by Erik Karlsson.
10:48 of 3rd period - Shot Misses the Net.
10:51 of 3rd period - Icing by Connor Murphy.
10:52 of 3rd period - Scott Gomez wins face-off versus Marcel Goc in Senators zone.
10:57 of 3rd period - Olli Maatta is hit by Boone Jenner and loses puck.
11:34 of 3rd period - Wrist shot by Loui Eriksson.
11:34 of 3rd period - Deflect By Kyle Okposo.
11:34 of 3rd period - Shot Misses the Net.
11:34 of 3rd period - Puck is out of play.
11:35 of 3rd period - Henrik Sedin wins face-off versus Tyler Ennis in Islanders zone.
12:02 of 3rd period - Rob Scuderi is hit by Loui Eriksson and loses puck.
12:32 of 3rd period - Snap shot by David Krejci.
12:32 of 3rd period - Stopped by James Reimer without a rebound.
12:33 of 3rd period - David Krejci wins face-off versus Jonathan Toews in Senators zone.
12:44 of 3rd period - Carl Hagelin is hit by Scott Hartnell.
13:00 of 3rd period - David Krejci is hit by Peter Harrold and loses puck.
13:27 of 3rd period - Wrist shot by Dustin Brown.
13:27 of 3rd period - Shot Blocked by Justin Schultz.
13:56 of 3rd period - Slapshot by Olli Maatta.
13:56 of 3rd period - Deflect By Colton Sceviour.
13:56 of 3rd period - Shot Blocked by Boone Jenner.
13:56 of 3rd period - Puck is out of play.
13:57 of 3rd period - Henrik Sedin wins face-off versus Colton Sceviour in Senators zone.
13:57 of 3rd period - Henrik Sedin is hit by Colton Sceviour.
14:20 of 3rd period - Travis Hamonic is hit by Henrik Sedin.
14:26 of 3rd period - Wrist shot by Tyler Ennis.
14:26 of 3rd period - Shot Blocked by Peter Harrold.
14:28 of 3rd period - Snap shot by Rob Scuderi.
14:28 of 3rd period - Shot Blocked by Henrik Sedin.
14:50 of 3rd period - Wrist shot by Reilly Smith.
14:50 of 3rd period - Shot Misses the Net.
15:13 of 3rd period - Snap shot by Nazem Kadri.
15:13 of 3rd period - Stopped by Braden Holtby without a rebound.
15:14 of 3rd period - Jonathan Toews wins face-off versus David Krejci in Islanders zone.
16:42 of 3rd period - Slapshot by Henrik Sedin.
16:42 of 3rd period - Shot Blocked by Carl Hagelin.
16:44 of 3rd period - Snap shot by Kyle Okposo.
16:44 of 3rd period - Stopped by Braden Holtby without a rebound.
16:45 of 3rd period - Alexander Khokhlachev wins face-off versus Nazem Kadri in Islanders zone.
16:52 of 3rd period - Slapshot by Travis Hamonic.
16:52 of 3rd period - Shot Blocked by Connor Murphy.
16:54 of 3rd period - Slapshot by Travis Hamonic.
16:54 of 3rd period - Shot Blocked by Mark Scheifele.
17:02 of 3rd period - Wrist shot by Colton Sceviour.
17:02 of 3rd period - Shot Misses the Net.
17:04 of 3rd period - Slapshot by Kyle Quincey.
17:04 of 3rd period - Shot Misses the Net.
17:59 of 3rd period - Rob Scuderi is hit by Boone Jenner and loses puck.
18:33 of 3rd period - Justin Schultz is hit by Matt Martin and loses puck.
18:58 of 3rd period - Henrik Sedin is hit by Carl Hagelin and loses puck.
Goals for this period are 0 for Senators vs 2 for Islanders.
Shots for this period are 6 for Senators vs 7 for Islanders.


Output by the SimonT Hockey Simulator (STHS) for Eric Dolegowski -- Original Page W3C XHTML 1.0 Valid
Hockey Simulator - Hockey Simulation - Hockey Manager